 Dungeon Crawl Stone Soup version 0.19-a0-1384-gbb462ca (webtiles) character file.

31 jacquesderrida the Caller (level 3, -19/36 HPs)
             Began as a Demonspawn Summoner on Sept 3, 2016.
             Killed from afar by a worker ant (21 damage)
             ... with an exploding inner flame
             ... hexed by the player character
             ... on level 4 of the Dungeon.
             The game lasted 00:05:03 (635 turns).

jacquesderrida the Caller (Demonspawn Summoner)      Turns: 635, Time: 00:05:03

Health: -19/36     AC:  3    Str: 13    XL:     3   Next: 7%
Magic:  2/6        EV: 12    Int: 22    God:
Gold:   129        SH:  0    Dex: 13    Spells: 2 memorised, 3 levels left

rFire  . . .     SeeInvis .     h - +2 dagger (speed)
rCold  . . .     Gourm    .     a - +0 robe
rNeg   . . .     Faith    .     (no shield)
rPois  .         Spirit   .     (no helmet)
rElec  .         Dismiss  .     (no cloak)
rCorr  .         Reflect  .     j - +0 pair of gloves
MR     .....     Harm     .     (no boots)
Stlth  ..........               (no amulet)
                                (no ring)
                                (no ring)

@: brilliant, berserking, lethally poisoned (-19 -> -28), very quick
A: talons 1, nightstalker 1
a: no special abilities


You were on level 4 of the Dungeon.
You were not hungry.

You visited 1 branch of the dungeon, and saw 4 of its levels.

You collected 129 gold pieces.

Inventory:

Hand Weapons
 d - a +0 short sword
 h - a +2 dagger of speed (weapon)
 q - a +0 flail
 u - a +10 club
Missiles
 o - 13 tomahawks (quivered)
Armour
 a - a +0 robe (worn)
 j - a +0 pair of gloves (worn)
 k - a +0 leather armour
 v - a +0 helmet
Jewellery
 p - an uncursed ring of fire
Scrolls
 f - a scroll of identify {unknown}
 g - 2 scrolls of recharging
 i - a scroll of noise {unknown}
 n - a scroll of enchant armour {unknown}
Potions
 m - a potion of haste {unknown}
 t - a potion of invisibility {unknown}
Books
 b - a book of Callings

   Spells                             Type                      Level
   a - Summon Small Mammal            Summoning                    1
   b - Call Imp                       Summoning                    2
   c - Call Canine Familiar           Summoning                    3
   d - Summon Guardian Golem          Hexes/Summoning              3
   e - Summon Lightning Spire         Summoning/Air                4
   f - Summon Ice Beast               Ice/Summoning                4
Comestibles
 c - 2 bread rations
 l - 4 fruits


   Skills:
 - Level 1.7 Dodging
 - Level 1.7 Stealth
 - Level 2.0 Spellcasting
 + Level 5.0 Summonings


You had 3 spell levels left.
You knew the following spells:

 Your Spells              Type           Power        Failure   Level  Hunger
a - Summon Small Mammal   Summ           ####         1%          1    #......
b - Call Imp              Summ           #####...     1%          2    ##.....


Dungeon Overview and Level Annotations

Branches:
Dungeon (4/15)
 Temple: D:4-7

Altars:


Innate Abilities, Weirdness & Mutations

You have sharp toenails.
You are slightly more attuned to the shadows.


Message History

You closely miss the worker ant.
The worker ant is heavily wounded.
* * * LOW HITPOINT WARNING * * *
You feel sick.
Unknown command.
You barely miss the worker ant. You claw the worker ant.
The worker ant is severely wounded.
The worker ant bites you.
* * * LOW HITPOINT WARNING * * *
Unknown command.
You closely miss the worker ant.
The worker ant is severely wounded.
* * * LOW HITPOINT WARNING * * *
You feel sick.
Unknown command.
You hit the worker ant.
The worker ant explodes!
The fiery explosion engulfs you!
Ouch! That really hurt!
You die...

..!......#
.........#
..l......#
.........#
.[.......#
.(<......#
#@# #ยง#
#g####
#gg..## ##.
####g.###....
#.>g....Z..
###..#####
##.# #g#


You could see a giant gecko, a hobgoblin (inner flame) and 2 goblins.

Vanquished Creatures
  Robin (D:4)
  A giant cockroach (D:4)
  2 goblins (D:3)
  2 bats (D:1)
  A giant newt (D:3)
7 creatures vanquished.

Vanquished Creatures (collateral kills)
  An adder (D:3)
  A giant gecko (D:1)
  An orc (D:3)
  A bat (D:1)
  A giant cockroach (D:1)
  4 goblins
  A hobgoblin (D:4)
  4 kobolds
14 creatures vanquished.

Grand Total: 21 creatures vanquished

Notes
Turn   | Place    | Note
-------+----------+-------------------------------------------
     0 | D:1      | jacquesderrida the Demonspawn Summoner began the quest for the Orb.
     0 | D:1      | Reached XP level 1. HP: 13/13 MP: 3/3
   172 | D:2      | Gained mutation: You are slightly more attuned to the shadows. [demonic ancestry]
   172 | D:2      | Reached XP level 2. HP: 17/19 MP: 1/5
   203 | D:2      | Learned a level 2 spell: Call Imp
   563 | D:4      | Noticed Robin
   598 | D:4      | Killed Robin
   598 | D:4      | Reached skill level 5 in Summonings
   598 | D:4      | Gained mutation: You have sharp toenails. [demonic ancestry]
   598 | D:4      | Reached XP level 3. HP: 17/24 MP: 1/6
   635 | D:4      | Killed from afar by a worker ant

Vault maps used:
D:1:      shiori_shiawase, minmay_misc_feat_hallway,
          minmay_misc_feat_four_crosses
D:2:      lemuel_coloured_pillars_altar, xom_teletrap_fun, uniq_sigmund
D:3:      first_bread
D:4:      uniq_menkaure, uniq_robin, uniq_crazy_yiuf_cottage

Skill      XL: |  1  2 |
---------------+-------+-----
Summonings     | 5 |  5.0
Dodging        | |  1.7
Stealth        | |  1.7
Spellcasting   | |  2.0

Action                   || total
-------------------------++-------
Melee: Dagger            ||    26
       Short sword       ||     2
       Kick              ||     2
 Cast: Summon Small Mamm ||    10
       Call Imp          ||     9
  Use: Scroll            ||     2
       Potion            ||     2
 Stab: Sleeping          ||     2
Armor: Robe              ||     4
Dodge: Dodged            ||    26
